 Dungeon Crawl Stone Soup version 0.18.1-8-gdd0e5ea (webtiles) character file.

318 deorigin the Changer (level 6, -6/51 HPs)
             Began as a Naga Transmuter on May 23, 2016.
             Mangled by Pikel
             ... wielding a +0 whip of freezing
              (10 damage)
             ... on level 4 of the Dungeon.
             The game lasted 00:12:50 (4161 turns).

deorigin the Changer (Naga Transmuter)              Turns: 4161, Time: 00:12:50

Health: -6/51      AC:  5    Str: 12    XL:     6   Next: 45%
Magic:  18/18      EV:  5    Int: 15    God:
Gold:   163        SH:  0    Dex: 12    Spells: 3 memorised, 3 levels left

rFire  + . .     SeeInvis +       - Unarmed
rCold  . . .     Gourm    .     b - +0 robe
rNeg   . . .     Faith    .     (no shield)
rPois  +         Spirit   .     A - +0 helmet
rElec  .         Dismiss  .     (no cloak)
rCorr  .         Reflect  .     r - +0 pair of gloves
SustAt .         Harm     .     (no barding)
MR     .....                    (no amulet)
Stlth  +.........               t - ring of magical power
                                j - ring of protection from fire

@: very slow, not resistant to hostile enchantments, very unstealthy
A: see invisible, deformed body, poison resistance, slowness 2, slow metabolism
1, spit poison 2, AC +2
a: Spit Poison


You were on level 4 of the Dungeon.
You were not hungry.

You visited 1 branch of the dungeon, and saw 4 of its levels.

You collected 163 gold pieces.

Inventory:

Missiles
 a - 38 arrows
 B - 11 poisoned needles
 C - 2 tomahawks (quivered)
Armour
 b - a +0 robe (worn)
 o - a +0 ring mail
 r - a +0 pair of gloves (worn)
 A - a +0 helmet (worn)
Jewellery
 j - a ring of protection from fire (left hand)
 t - a ring of magical power (right hand)
Scrolls
 e - 2 scrolls of recharging {unknown}
 f - a scroll of amnesia {unknown}
 h - 3 scrolls of identify {unknown}
 n - a scroll of random uselessness {unknown}
 s - 3 scrolls of enchant armour {unknown}
 u - a scroll of remove curse {unknown}
 v - a scroll of enchant weapon {unknown}
 x - a scroll of fear {unknown}
 y - a scroll of teleportation {unknown}
Potions
 g - 3 potions of curing {unknown}
 k - a potion of might
 l - 3 potions of agility {unknown}
 p - a potion of berserk rage {unknown}
 z - a potion of resistance {unknown}
 D - a potion of heal wounds {unknown}
Books
 c - a book of Changes

   Spells                             Type                      Level
   a - Beastly Appendage              Transmutation                1
   b - Sticks to Snakes               Transmutation                2
   c - Spider Form                    Transmutation/Poison         3
   d - Ice Form                       Ice/Transmutation            4
   e - Blade Hands                    Transmutation                5
Comestibles
 d - 2 bread rations
 i - 5 fruits
 m - 2 meat rations
 q - a slice of pizza
 w - 4 chunks of flesh


   Skills:
 - Level 1.0 Fighting
 - Level 1.5 Dodging
 - Level 3.0 Unarmed Combat
 - Level 2.0 Spellcasting
 + Level 6.0 Transmutations
 - Level 3.1 Poison Magic


You had 3 spell levels left.
You knew the following spells:

 Your Spells              Type           Power        Failure   Level  Hunger
a - Beastly Appendage     Trmt           ###...       1%          1    #......
b - Sticks to Snakes      Trmt           ###.....     2%          2    ###....
c - Spider Form           Trmt/Pois      ###.......   12%         3    ###....


Dungeon Overview and Level Annotations

Branches:
Dungeon (4/15)
 Temple: D:4-7

Altars:
Ru
Vehumet

Annotations:
D:4 Pikel


Innate Abilities, Weirdness & Mutations

You cannot wear boots.
Your serpentine skin is tough (AC +2).
You have supernaturally acute eyesight.
Armour fits poorly on your strangely shaped body.
Your system is resistant to poisons.
You cover ground very slowly.
You have a slow metabolism.
You can spit poison.


Message History

Pikel completely misses you.
You closely miss Pikel.
Pikel is moderately wounded.
Pikel hits you with a whip of freezing!
* * * LOW HITPOINT WARNING * * *
Pikel freezes you.
* * * LOW HITPOINT WARNING * * *
You see here a hound corpse.
Found a glowing helmet.
Pikel hits you with a whip of freezing.
* * * LOW HITPOINT WARNING * * *
Pikel freezes you.
* * * LOW HITPOINT WARNING * * *
Some of the chunks of flesh in your inventory have rotted away.
There is a stone staircase leading up, spattered with blood here.
Your transformation has ended.
Your +0 helmet unmelds from your body.
Your +0 pair of gloves unmelds from your body.
Your +0 robe unmelds from your body.
Pikel hits you with a whip of freezing!
You die...

.# ##...............##...
.# ####.#...#[...Kppp..# ##
#.#...#.###.###... #####
#.#...#.# .# # ....#
#......p###.# ###.#
#.........#.###.# #.#
#......p.....[#.
###.#######....pK#.#....
....#...........@#.###.#
#...................##.###.
#.###.#.###................
#. ##(#..........##..#.##.
#. #.....##.#.##.......## #
#..#.###.#.##.##.....# #
#.##.............###.##.#.#
#...........#.###.......#.#
####..#.##........##.>....#


You could see Pikel and 3 slaves.

Vanquished Creatures
  A slave (D:4)
  Blork the orc (D:4)
  A hound (D:4)
  2 worker ants (D:4)
  10 adders
  2 oozes (D:1)
  2 worms (D:3)
  2 dart slugs (D:1)
  4 giant geckos
  6 orcs
  2 giant cockroaches
  11 goblins
  10 hobgoblins
  A jackal (D:1)
  2 quokkas
  A ball python (D:2)
  6 bats
  A giant newt (D:3)
  6 kobolds
  4 rats
75 creatures vanquished.

Notes
Turn   | Place    | Note
--------------------------------------------------------------
     0 | D:1      | deorigin the Naga Transmuter began the quest for the Orb.
     0 | D:1      | Reached XP level 1. HP: 18/18 MP: 3/3
     3 | D:1      | Noticed an electric eel
     3 | D:1      | Noticed an electric eel
   210 | D:1      | Reached XP level 2. HP: 25/25 MP: 5/5
   251 | D:1      | Reached skill level 3 in Transmutations
   534 | D:1      | Reached XP level 3. HP: 24/31 MP: 3/6
  1063 | D:2      | Learned a level 2 spell: Sticks to Snakes
  1073 | D:2      | Learned a level 3 spell: Spider Form
  1176 | D:2      | Reached skill level 1 in Poison Magic
  1236 | D:2      | Reached XP level 4. HP: 17/38 MP: 5/7
  1487 | D:2      | Found a sacrificial altar of Ru.
  1579 | D:2      | Found a radiant altar of Vehumet.
  1927 | D:2      | You fall through a shaft!
  1982 | D:3      | Reached skill level 4 in Transmutations
  2318 | D:3      | Reached XP level 5. HP: 44/44 MP: 8/8
  3548 | D:3      | Reached skill level 5 in Transmutations
  3863 | D:4      | Noticed Blork the orc
  3876 | D:4      | Killed Blork the orc
  3876 | D:4      | Reached XP level 6. HP: 37/51 MP: 9/9
  4133 | D:4      | Noticed Pikel
  4134 | D:4      | Noticed a slave
  4134 | D:4      | Noticed a slave
  4136 | D:4      | Noticed a slave
  4137 | D:4      | Noticed a slave
  4147 | D:4      | Reached skill level 6 in Transmutations
  4152 | D:4      | Killed a slave
  4161 | D:4      | Mangled by Pikel

Skill      XL: |  1  2  3  4  5  6 |
---------------+-------------------+-----
Transmutations | 3 4 5 6 |  6.0
Poison Magic   | 1 3 |  3.1
Fighting       | |  1.0
Dodging        | |  1.5
Unarmed Combat | |  3.0
Spellcasting   | |  2.0

Action                   |  1- 3 |  4- 6 || total
-------------------------+-------+-------++-------
Melee: Unarmed           |    66 |   139 ||   205
       Headbutt          |     9 |    16 ||    25
       Punch             |     1 |     2 ||     3
 Cast: Beastly Appendage |    13 |    24 ||    37
       Sticks to Snakes  |       |     2 ||     2
       Spider Form       |       |     2 ||     2
 Abil: Spit Poison       |    17 |    37 ||    54
 Stab: Sleeping          |       |     1 ||     1
  Eat: Chunk             |     2 |    10 ||    12
Armor: Robe              |    18 |    29 ||    47
       Skin              |       |     1 ||     1
Dodge: Dodged            |    33 |    86 ||   119
